AoeStats
← 从不压堡之人

Fortress

509279576Analyzed
4v4 RM · 6d ago on Sep 26, 2026· 40m 45s· 8 players
Game mode
Random Map
Map size
Huge
Population
200
Speed
Normal
Resources
Standard
Victory
Conquest
Starting age
Dark Age
Ending age
Imperial Age
RankedLock teamsTeams togetherTeam positionsShared explorationLock speedFull tech treeHidden civsTurbo modeCheats
Victory
Defeat
🇲🇽 Mongols · Mexico
1114
+17
🇲🇽 Franks · Mexico
1108
+17
🇦🇷 Inca · Argentina
1087
+18
🇲🇽 Slavs · Mexico
1051
+19
🇨🇳 Mongols · China
1432
-28
🇨🇳 Spanish · China
1128
-18
1049
-15
🇨🇳 Danes · China
943
-10
juan.aquino
5:22 Loom
7:07 Feudal Age
11:49 Castle Age
10:27 Gold Mining
10:24 Double-Bit Axe
10:47 Fletching
11:59 Padded Archer Armor
12:41 Bodkin Arrow
14:40 Horse Collar
16:40 Bow Saw
17:05 Husbandry
18:51 Heavy Plow
19:55 Ballistics
20:55 Wheelbarrow
21:52 Leather Archer Armor
25:40 Gold Shaft Mining
26:35 Hand Cart
29:57 Imperial Age
27:19 Town Watch
31:21 Conscription
30:22 Elite Mangudai
31:55 Bloodlines
33:13 Fortified Wall
34:04 Chemistry
33:08 Bracer
33:38 Town Patrol
34:08 Stone Mining
36:30 Caravan
39:26 Drill
40:35 Masonry
N3dh
1:58 Loom
7:41 Feudal Age
8:17 Double-Bit Axe
8:14 Horse Collar
13:32 Castle Age
15:01 Bow Saw
15:49 Heavy Plow
15:43 Gold Mining
17:18 Detinets
23:49 Imperial Age
22:56 Fortified Wall
23:26 Murder Holes
23:08 Man-at-Arms
23:51 Squires
24:51 Scale Mail Armor
25:02 Forging
26:17 Chemistry
25:38 Ballistics
25:30 Masonry
25:59 Wheelbarrow
24:55 Long Swordsman
26:24 Two-Handed Swordsman
27:50 Hand Cart
29:13 Stone Mining
29:30 Druzhina
29:51 Conscription
30:39 Crop Rotation
31:25 Two-Man Saw
30:22 Town Watch
31:40 Iron Casting
31:21 Chain Mail Armor
32:17 Caravan
32:19 Pikeman
32:20 Champion
32:57 Halberdier
35:35 Plate Mail Armor
36:06 Blast Furnace
36:04 Town Patrol
36:24 Fletching
38:15 Padded Archer Armor
rms_0489
2:20 Loom
2:31 Loom
2:53 Loom
6:01 Loom
8:06 Feudal Age
6:32 Loom
12:13 Castle Age
10:07 Loom
10:32 Double-Bit Axe
10:59 Fletching
13:04 Wheelbarrow
13:23 Bow Saw
13:20 Loom
15:56 Scale Mail Armor
16:49 Forging
18:58 Gold Mining
20:26 Chain Mail Armor
20:46 Iron Casting
22:22 Iron Casting
26:12 Stone Mining
27:59 Scale Barding Armor
28:05 Town Watch
31:15 Imperial Age
29:39 Chain Barding Armor
29:21 Husbandry
29:26 Loom
32:20 Hand Cart
31:31 Cavalier
32:52 Plate Barding Armor
32:43 Chivalry
34:20 Gold Shaft Mining
34:27 Paladin
36:20 Blast Furnace
36:16 Town Patrol
37:10 Conscription
37:10 Light Cavalry
FranGinaro
7:10 Feudal Age
8:37 Loom
11:18 Castle Age
9:49 Double-Bit Axe
9:58 Horse Collar
12:17 Bow Saw
12:08 Heavy Plow
16:45 Wheelbarrow
16:14 Town Watch
18:02 Champi Runner
18:39 Gold Mining
18:49 Stone Mining
20:04 Hand Cart
23:24 Gold Shaft Mining
23:25 Stone Shaft Mining
27:19 Imperial Age
24:43 Fletching
25:19 Padded Archer Armor
25:18 Crossbowman
26:08 Thumb Ring
26:26 Bodkin Arrow
26:46 Leather Archer Armor
26:39 Squires
26:24 Arson
26:01 Champi Runner
27:19 Town Patrol
26:52 Champi Runner
26:53 Pikeman
28:02 Bracer
27:24 Arbalester
30:07 Chemistry
29:29 Ballistics
29:20 Masonry
28:51 Treadmill Crane
29:17 Scale Mail Armor
29:27 Forging
28:45 Champi Warrior
28:55 Capped Ram
30:30 Conscription
30:30 Conscription
30:05 Elite Champi Warrior
32:11 Halberdier
32:50 Siege Ram
33:56 Chain Mail Armor
34:17 Iron Casting
34:10 Fabric Shields
34:28 Caravan
34:59 Coinage
34:40 Guilds
35:17 Plate Mail Armor
从不压堡之人
7:10 Feudal Age
10:51 Castle Age
8:38 Double-Bit Axe
9:03 Horse Collar
11:35 Wheelbarrow
15:19 Bow Saw
18:14 Heavy Plow
19:37 Loom
20:49 Fletching
24:03 Hand Cart
25:11 Caravan
25:14 Town Watch
26:24 Ballistics
26:27 Stone Mining
27:18 Husbandry
27:28 Bloodlines
27:16 Gold Mining
31:04 Imperial Age
29:26 Inquisition
30:32 Bodkin Arrow
31:54 Sanctity
31:44 Fervor
31:45 Redemption
31:56 Guilds
32:48 Two-Man Saw
32:08 Town Patrol
32:06 Arrowslits
33:03 Stone Shaft Mining
32:41 Bracer
32:41 Padded Archer Armor
33:48 Theocracy
33:28 Block Printing
33:38 Illumination
34:45 Chemistry
33:53 Guard Tower
33:58 Murder Holes
33:53 Guard Tower
33:58 Murder Holes
34:14 Masonry
34:12 Scale Barding Armor
34:23 Leather Archer Armor
35:20 Bloodlines
35:42 Ring Archer Armor
35:32 Chain Barding Armor
36:33 Keep
36:59 Plate Barding Armor
37:15 Architecture
39:10 Bombard Tower
39:01 Fortified Wall
39:31 Supremacy
38:32 Elite Conquistador
40:32 Scale Mail Armor
40:42 Forging
洗心革面重新做人TownYan
7:14 Feudal Age
10:48 Castle Age
9:01 Double-Bit Axe
9:15 Horse Collar
12:46 Wheelbarrow
18:07 Bow Saw
18:30 Loom
19:03 Heavy Plow
20:16 Fortified Wall
20:08 Gold Mining
20:09 Stone Mining
21:55 Gold Shaft Mining
21:40 Hand Cart
22:19 Masonry
22:43 Scale Barding Armor
22:46 Detinets
26:02 Imperial Age
24:19 Forging
24:11 Husbandry
26:37 Bloodlines
26:53 Chain Barding Armor
27:09 Iron Casting
26:52 Town Watch
28:10 Plate Barding Armor
27:58 Conscription
28:14 Hoardings
28:07 Elite Boyar
31:39 Blast Furnace
31:03 Siege Engineers
33:46 Onager
37:24 Caravan
38:46 Two-Man Saw
38:16 Crop Rotation
39:43 Chemistry
38:51 Siege Onager
D4C
8:14 Feudal Age
9:33 Double-Bit Axe
9:31 Horse Collar
12:19 Castle Age
10:52 Loom
14:31 Bow Saw
16:59 Heavy Plow
18:37 Wheelbarrow
21:19 Hand Cart
22:16 Squires
23:09 Masonry
22:54 Gold Mining
23:19 Gambesons
23:19 Arson
23:56 Scale Mail Armor
24:08 Forging
25:06 Gold Shaft Mining
24:22 Stone Mining
25:33 Fervor
26:31 Chain Mail Armor
26:52 Iron Casting
30:22 Imperial Age
28:37 Arson
28:22 Hamask
30:16 Stone Shaft Mining
29:57 Caravan
30:16 Murder Holes
30:42 Ballistics
30:23 Elite Varangian Guard
30:24 Pikeman
31:38 Plate Mail Armor
32:08 Blast Furnace
31:31 Conscription
31:49 Hoardings
30:35 Northmen's Fury
32:20 Chemistry
31:21 Halberdier
31:29 Capped Ram
33:07 Siege Ram
34:41 Siege Engineers
叫声乌鸦哥
6:27 Feudal Age
10:28 Castle Age
8:54 Double-Bit Axe
9:04 Horse Collar
12:45 Heavy Plow
15:31 Bow Saw
18:30 Wheelbarrow
19:28 Hand Cart
18:59 Loom
19:34 Gold Mining
21:47 Gold Shaft Mining
24:52 Imperial Age
24:59 Town Watch
25:54 Drill
26:36 Padded Archer Armor
26:18 Onager
28:02 Siege Engineers
28:06 Siege Onager
30:17 Caravan
32:48 Fletching
33:20 Ballistics
34:45 Chemistry
33:57 Masonry
37:36 Conscription
37:16 Nomads
37:12 Bodkin Arrow
38:57 Coinage
Connection lost

Rejoining the realm…

Still unreachable

The connection could not be restored.

Session expired

The server has moved on; the page needs a fresh start.